 Dungeon Crawl Stone Soup version 0.18.1-48-g4cf74bf (webtiles) character file.

354 Alarkh the Poker (level 6, -11/44 HPs)
             Began as a Mummy Skald on July 21, 2016.
             Was an Initiate of Okawaru.
             Killed by divine providence
             ... invoked by an orc priest
              (16 damage)
             ... on level 3 of the Dungeon.
             The game lasted 00:05:46 (2751 turns).

Alarkh the Poker (Mummy Skald)                      Turns: 2751, Time: 00:05:47

Health: -11/44     AC:  4    Str: 16    XL:     6   Next: 35%
Magic:  1/9        EV: 11    Int: 13    God:    Okawaru [......]
Gold:   179        SH:  0    Dex: 11    Spells: 3 memorised, 3 levels left

rFire  x . .     SeeInvis .     j - +0 trident
rCold  + . .     Gourm    .     b - +0 leather armour
rNeg   + + +     Faith    .     (no shield)
rPois  ∞         Spirit   .     (no helmet)
rElec  .         Dismiss  .     (no cloak)
rCorr  .         Reflect  .     (no gloves)
SustAt .         Harm     .     m - +0 pair of boots
MR     .....                    e - amulet of regeneration
Stlth  +.........               (no ring)
                                (no ring)

@: shrouded, infused, not resistant to hostile enchantments, very unstealthy
A: no food or potions, fire vulnerability, cold resistance 1, negative energy
resistance 3, torment resistance, unbreathing
a: Renounce Religion


You were on level 3 of the Dungeon.
You worshipped Okawaru.
Okawaru was noncommittal.
You were not hungry.

You visited 1 branch of the dungeon, and saw 4 of its levels.

You collected 179 gold pieces.

Inventory:

Hand Weapons
 a - a +0 halberd
 g - a +0 spear
 j - a +0 trident (weapon)
Armour
 b - a +0 leather armour (worn)
 m - a +0 pair of boots (worn)
Jewellery
 e - an amulet of regeneration (around neck)
Scrolls
 d - a scroll of magic mapping
 h - 2 scrolls of amnesia
 i - a scroll of remove curse
 k - a scroll of enchant weapon
Books
 c - a book of Battle

   Spells                             Type                      Level
   a - Infusion                       Charms                       1
   b - Shroud of Golubria             Charms/Translocation         2
   c - Song of Slaying                Charms                       2
   d - Spectral Weapon                Hexes/Charms                 3
   e - Regeneration                   Charms/Necromancy            3


   Skills:
 - Level 2.0 Fighting
 + Level 5.6 Polearms
 - Level 0.7 Armour
 - Level 0.7 Dodging
 - Level 2.0 Spellcasting
 - Level 2.4 Charms


You had 3 spell levels left.
You knew the following spells:

 Your Spells              Type           Power        Failure   Level  Hunger
a - Infusion              Chrm           #...         14%         1    N/A
b - Shroud of Golubria    Chrm/Tloc      #.........   30%         2    N/A
c - Spectral Weapon       Hex/Chrm       #.......     65%         3    N/A

Dungeon Overview and Level Annotations

Branches:
Dungeon (4/15)
 Temple: D:4-7

Altars:
Fedhas
Okawaru


Innate Abilities, Weirdness & Mutations

You do not eat or drink.
Your flesh is vulnerable to fire.
You are immune to poison.
Your flesh is cold resistant.
You are immune to negative energy.
You are immune to unholy pain and torment.
You can survive without breathing.


Message History

Identify which item? (\ to view known items) (? for menu, Esc to quit)
As you read the scroll of identify, it crumbles to dust.
k - a scroll of enchant weapon The orc priest looks braver for a moment.
Read which item? (? for menu, Esc to quit)
As you read the scroll labeled LOUGIS EPNIORYIWN, it crumbles to dust.
The scroll dissolves into smoke.
It was a scroll of fog.
Casting: Infusion
Confirm with . or Enter, or press ? or * to list all spells.
Space distorts slightly along a thin shroud covering your body.
Casting: Shroud of Golubria
Confirm with . or Enter, or press ? or * to list all spells.
You begin infusing your attacks with magical energy.
Unknown command.
You barely miss the orc priest.
Your shroud bends the orc priest's attack away.
You barely miss the orc priest.
The orc priest mumbles some strange prayers to Beogh against you.
Beogh smites you!
You die...

#############
##.....≈)≈...########
##......≈≈≈.8.#......#
#..........8_8######.#
#.......≈≈≈.8.#..###.#
##)#.....≈)≈...##..##.####
#.......########...>.....#
####.##.##.##.##@#.##.##.##.###
.....##.##.##.##o#.........(..#
#######)##.##.##§##########.#.#
#.##.##.##§# #.#.# #........o.#
##.#.### #######.##.##.#
#....).. ##.## #.##.##.#
#.#..... ###...####..§....####
#...#### ..........o[###.....#
#####


You could see an orc priest.

Vanquished Creatures
  An ogre (D:3)
  An orc priest (D:4)
  Natasha (thrice) (D:2)
  An orc wizard (D:3)
  Terence (D:3)
  3 gnolls (D:3)
  5 adders
  A worm (D:3)
  A dart slug (D:2)
  2 giant geckos
  A giant cockroach (D:1)
  8 goblins
  5 hobgoblins
  5 kobolds
  2 quokkas (D:3)
  7 bats
  A giant gecko skeleton (D:4)
  2 giant newts
  4 rats
54 creatures vanquished.

Notes
Turn   | Place    | Note
--------------------------------------------------------------
     0 | D:1      | Alarkh the Mummy Skald began the quest for the Orb.
     0 | D:1      | Reached XP level 1. HP: 16/16 MP: 3/3
   105 | D:1      | Reached skill level 2 in Polearms
   469 | D:1      | Reached XP level 2. HP: 19/22 MP: 3/5
   679 | D:2      | Noticed Natasha
   683 | D:2      | Noticed a crimson imp
   689 | D:2      | Killed Natasha
   689 | D:2      | Reached skill level 3 in Polearms
   689 | D:2      | Reached XP level 3. HP: 17/27 MP: 0/6
   976 | D:2      | Noticed Natasha
   987 | D:2      | Killed Natasha
   987 | D:2      | Reached XP level 4. HP: 24/33 MP: 2/7
   995 | D:2      | Found a blossoming altar of Fedhas.
  1235 | D:2      | Reached skill level 4 in Polearms
  1457 | D:2      | Noticed Natasha
  1465 | D:2      | Killed Natasha
  1505 | D:3      | Reached XP level 5. HP: 26/38 MP: 3/8
  1564 | D:3      | Learned a level 2 spell: Shroud of Golubria
  1568 | D:3      | Learned a level 3 spell: Spectral Weapon
  1701 | D:3      | Noticed Terence
  1787 | D:3      | Killed Terence
  1825 | D:3      | Found an iron altar of Okawaru.
  1838 | D:3      | Became a worshipper of Warmaster Okawaru
  2186 | D:3      | Reached skill level 5 in Polearms
  2366 | D:4      | Noticed an ogre
  2552 | D:3      | Killed an ogre
  2552 | D:3      | Reached XP level 6. HP: 25/44 MP: 1/9
  2745 | D:3      | HP: 2/44 [orc priest/divine providence (8)]
  2751 | D:3      | Killed from afar by an orc priest

Skill      XL: |  1  2  3  4  5 |
---------------+----------------+-----
Polearms       | 2 3 4 5 |  5.6
Fighting       | |  2.0
Armour         | |  0.7
Dodging        | |  0.7
Spellcasting   | |  2.0
Charms         | |  2.4

Action                   |  1- 3 |  4- 6 || total
-------------------------+-------+-------++-------
Melee: Spear             |   103 |    49 ||   152
       Trident           |       |    70 ||    70
       Halberd           |       |    16 ||    16
 Cast: Infusion          |     9 |    28 ||    37
       Shroud of Golubri |       |    10 ||    10
  Use: Scroll            |       |     7 ||     7
Armor: Leather armour    |    26 |    12 ||    38
Dodge: Dodged            |    55 |    68 ||   123
